 Dungeon Crawl Stone Soup version 0.23.2-40-g277498a001 (webtiles) character file.

Game seed: 4806147395611311387

2695 Destapler the Protected (level 9, -20/57 HPs)
             Began as a Barachi Fighter on Aug 25, 2019.
             Was a Believer of Hepliaklqana.
             Demolished by Harold
             ... wielding a +0 battleaxe
              (21 damage)
             ... on level 7 of the Dungeon.
             The game lasted 00:32:15 (6639 turns).

Destapler the Protected (Barachi Fighter)           Turns: 6639, Time: 00:32:16

Health: -20/57     AC:  8    Str: 27    XL:     9   Next: 65%
Magic:  9/9        EV:  9    Int:  8    God:    Hepliaklqana [**....]
Gold:   377        SH: 13    Dex: 11    Spells: 8/8 levels left

rFire    + . .     SeeInvis .   o - +0 trident (curse)
rCold    . . .     Gourm    .   c - +1 shield
rNeg     . . .     Faith    .   b - +0 scale mail
rPois    .         Spirit   .   (no helmet)
rElec    .         Reflect  .   (no cloak)
rCorr    .         Harm     .   (no gloves)
MR       +....                  (no boots)
Stlth    ..........             (no amulet)
HPRegen  0.19/turn              h - ring of protection from fire
MPRegen  0.11/turn              A - ring of protection from magic

@: mighty, marked, slow
A: +LOS, swims, reduced essence, slowness 1, strong legs 1
a: Hop, Recall Ancestor, Ancestor Identity, Renounce Religion


You were on level 7 of the Dungeon.
You worshipped Hepliaklqana.
Hepliaklqana was pleased with you.
You were not hungry.

You visited 1 branch of the dungeon, and saw 7 of its levels.
You also visited: Sewer.

You collected 413 gold pieces.
You spent 36 gold pieces at shops.

Inventory:

Hand Weapons
 a - a +1 trident
 o - a cursed +0 trident (weapon)
 q - the +1 flail of an ice cave {holy, Dex+4}
   (You found it on level 4 of the Dungeon)

   It has been blessed by the Shining One to cause great damage to the undead
   and demons.
   It affects your dexterity (+4).
 H - a +1 hunting sling of flaming
Missiles
 e - 224 stones (quivered)
 u - 35 poisoned needles
Armour
 b - a +0 scale mail (worn)
 c - a +1 shield (worn)
 k - a +0 leather armour
Jewellery
 h - a ring of protection from fire (left hand)
 A - a ring of protection from magic (right hand)
Scrolls
 l - 2 scrolls of immolation
 m - a scroll of blinking
 p - 2 scrolls of magic mapping
 r - a scroll of enchant armour
 t - 2 scrolls of amnesia
 w - a scroll of fear
 x - 7 scrolls of teleportation
 B - a scroll of fog {unknown}
 C - a scroll of enchant weapon
 E - a scroll of torment {unknown}
 G - a scroll of vulnerability {unknown}
Potions
 d - 3 potions of might
 g - 6 potions of curing
 j - a potion of lignification
 n - 3 potions of heal wounds
 s - a potion of agility
 v - 2 potions of brilliance
 z - 2 potions of flight
 D - a potion of mutation {unknown}
Comestibles
 f - 18 rations
 F - 3 chunks of flesh


   Skills:
 - Level 3.6 Fighting
 + Level 7.7 Polearms
 + Level 9.6 Armour
 + Level 8.8 Shields


You had 8 spell levels left.
You didn't know any spells.
Your spell library was empty.

Dungeon Overview and Level Annotations

Branches:
Dungeon (7/15)             Temple (0/1) D:5

Altars:
Ashenzari
Cheibriados
Hepliaklqana
Kikubaaqudgha
Ru
Sif Muna
Vehumet
Zin

Shops:
D:4 ?

Annotations:
D:7 Harold


Innate Abilities, Weirdness & Mutations

Shadows flee at your approach. (+LOS)
You can swim through water.
You cover ground slowly.
You can hop short distances.
Your life essence is reduced to manifest your ancestor. (-10% HP)


Message History

Harold hits you with a +0 battleaxe!
* * * LOW HITPOINT WARNING * * *
You impale Harold!!
Harold is heavily wounded.
You puncture Harold!
Harold is heavily wounded.
Harold barely misses you.
You hit Harold.
Harold is heavily wounded.
You block Harold's attack.
You impale Harold!!
Harold is almost dead.
Harold hits you with a +0 battleaxe!
* * * LOW HITPOINT WARNING * * *
You hit Harold.
Harold is almost dead.
You completely miss Harold.
Harold is almost dead.
Harold hits you with a +0 battleaxe!!
You die...

### ..# ###.####
#......# #.#.##.#
#.#.##.# #.#.##.#
#.... .##@#.##.#
#......##.@....#
##......##......#
.......######.##
###.....# #.# #.
.....# #.# #.
##.#.# #.#
##.##....# #.#
##.....#..######.#
#...##...........#


You could see Harold.

Vanquished Creatures
  Joseph (D:7)
  Menkaure (D:5)
  A black bear (D:6)
  A phantom (D:4)
  3 ogres
  A centaur (D:5)
  A crocodile (D:7)
  A big kobold (Sewer)
  A bullfrog (D:5)
  2 scorpions (D:6)
  3 wights
  A howler monkey (D:6)
  2 crimson imps (D:6)
  2 orc priests
  A jelly (D:6)
  2 hounds
  An iguana (D:6)
  A worker ant (D:5)
  A hound zombie (D:5)
  3 adders
  4 gnolls
  A river rat (Sewer)
  An ooze (Sewer)
  An adder skeleton (D:4)
  4 worms
  4 leopard geckos
  5 orcs (D:3)
  4 ball pythons
  4 bats
  8 giant cockroaches
  6 goblins
  12 hobgoblins
  8 jackals
  6 kobolds
  2 quokkas (D:7)
  3 frilled lizards
  A leopard gecko skeleton (D:4)
  A quokka zombie (D:6)
  13 rats
118 creatures vanquished.

Vanquished Creatures (collateral kills)
  Sigmund (D:2)
  A sky beast (D:5)
  A phantom (D:5)
  An ogre (D:6)
  2 big kobolds (Sewer)
  A bullfrog (D:6)
  A howler monkey (D:6)
  A hound (D:6)
  An iron imp (D:6)
  An iguana (D:6)
  2 gnolls (D:3)
  4 adders
  A river rat (D:5)
  2 oozes (Sewer)
  A worm (D:3)
  3 leopard geckos
  3 orcs
  A giant cockroach (D:3)
  2 goblins
  A jackal (D:5)
  2 quokkas
  A ball python (D:5)
  A bat (D:3)
  4 kobolds (Sewer)
  3 rats
42 creatures vanquished.

Vanquished Creatures (others)
  4 hexers
  2 ancestors
6 creatures vanquished.

Grand Total: 166 creatures vanquished

Notes
Turn   | Place    | Note
-------+----------+-------------------------------------------
     0 | D:1      | Destapler the Barachi Fighter began the quest for the Orb.
     0 | D:1      | Reached XP level 1. HP: 18/18 MP: 1/1
    96 | D:1      | Reached XP level 2. HP: 11/24 MP: 2/2
   382 | D:1      | Reached skill level 4 in Armour
  1055 | D:2      | Reached XP level 3. HP: 29/29 MP: 3/3
  1098 | D:2      | Found a hazy altar of Hepliaklqana.
  1128 | D:2      | Became a worshipper of Hepliaklqana the Forgotten
  1161 | D:2      | Reached XP level 4. HP: 16/32 MP: 4/4
  1408 | D:2      | Noticed Sigmund
  1417 | D:2      | Killed Sigmund
  1417 | D:2      | Reached skill level 5 in Armour
  1417 | D:2      | Reached XP level 5. HP: 14/36 MP: 5/5
  1677 | D:2      | Reached XP level 6. HP: 41/42 MP: 6/6
  1807 | D:2      | Found a radiant altar of Vehumet.
  1807 | D:2      | Found a sacrificial altar of Ru.
  1808 | D:2      | Found a deep blue altar of Sif Muna.
  1810 | D:2      | Found a glowing silver altar of Zin.
  1812 | D:2      | Found a shattered altar of Ashenzari.
  2004 | D:3      | Reached skill level 5 in Shields
  2860 | D:4      | Got a scorched flail
  2885 | D:4      | Identified the +1 flail of an ice cave {holy, Dex+4} (You
                  | found it on level 4 of the Dungeon)
  2919 | D:4      | Noticed a phantom
  2925 | D:4      | Killed a phantom
  2925 | D:4      | Reached skill level 6 in Armour
  2925 | D:4      | Reached XP level 7. HP: 39/46 MP: 7/7
  2931 | D:4      | Reached * piety under Hepliaklqana
  2942 | D:4      | Found Xaho's Magic Scroll Boutique.
  2972 | D:4      | Bought a scroll of remove curse for 36 gold pieces
  3381 | D:5      | Entered Level 5 of the Dungeon
  3472 | D:5      | Reached skill level 5 in Polearms
  3804 | D:5      | Found a glowing drain.
  3810 | Sewer    | Entered a sewer
  3979 | Sewer    | Reached skill level 7 in Armour
  3994 | Sewer    | Reached ** piety under Hepliaklqana
  3996 | Sewer    | Remembered your ancestor Jr. as a hexer
  4090 | Sewer    | Reached XP level 8. HP: 53/53 MP: 8/8
  4377 | D:5      | Found an ancient bone altar of Kikubaaqudgha.
  4728 | D:5      | Noticed Menkaure
  4754 | D:5      | Killed Menkaure
  4997 | D:5      | Found a staircase to the Ecumenical Temple.
  5022 | D:5      | Reached skill level 8 in Armour
  5577 | D:6      | Found a snail-covered altar of Cheibriados.
  5592 | D:6      | Reached XP level 9. HP: 56/57 MP: 9/9
  6105 | D:6      | Reached skill level 9 in Armour
  6523 | D:7      | Noticed Joseph
  6541 | D:7      | Killed Joseph
  6600 | D:7      | Noticed Harold
  6600 | D:7      | Paralysed by Harold for 5 turns
  6616 | D:7      | Paralysed by Harold for 2 turns
  6629 | D:7      | Paralysed by Harold for 3 turns
  6637 | D:7      | HP: 1/57 [Harold/+0 battleaxe (12)]
  6639 | D:7      | Demolished by Harold

Skill      XL: |  1  2  3  4  5  6  7  8  9 |
---------------+----------------------------+-----
Armour         | 4 5 6 7 8 9 |  9.6
Shields        | 4 5 6 7 8 |  8.8
Polearms       | 3 4 5 6 7 |  7.7
Fighting       | |  3.6

Action                   |  1- 3 |  4- 6 |  7- 9 || total
-------------------------+-------+-------+-------++-------
Melee: Trident           |    82 |   119 |   271 ||   472
       Flail             |       |     6 |    46 ||    52
Throw: Stone             |       |    11 |     6 ||    17
Invok: Ancestor Identity |     2 |       |       ||     2
       Ancestor Life: He |       |       |     1 ||     1
  Use: Scroll            |     2 |     6 |     9 ||    17
       Potion            |       |     1 |     2 ||     3
 Stab: Distracted        |       |     1 |     4 ||     5
       Confused          |       |       |     1 ||     1
  Eat: Chunk             |     1 |     7 |    13 ||    21
Armor: Scale mail        |    16 |       |    58 ||    74
       Leather armour    |     3 |     8 |     1 ||    12
Dodge: Dodged            |    13 |    17 |    64 ||    94
Block: Shield            |    38 |    38 |   126 ||   202
